 Dungeon Crawl Stone Soup version 0.19.5 (webtiles) character file.

210 equalderp2856 the Scratcher (level 5, 0/24 HPs)
             Began as a Felid Fighter on Mar 13, 2017.
             Slain by a centaur zombie (6 damage)
             ... in an ossuary.
             The game lasted 00:11:38 (3117 turns).

equalderp2856 the Scratcher (Felid Fighter)         Turns: 3117, Time: 00:11:39

Health: 0/24       AC:  1    Str: 18    XL:     5   Next: 56%
Magic:  4/7        EV: 20    Int: 10    God:
Gold:   102        SH:  0    Dex: 15    Spells: 2 memorised, 2 levels left
                                        Lives:  0   Deaths: 1

rFire  . . .     SeeInvis +       - Unarmed
rCold  . . .     Gourm    .     (armour unavailable)
rNeg   . . .     Faith    .     (shield unavailable)
rPois  .         Spirit   .     (helmet unavailable)
rElec  .         Reflect  .     (cloak unavailable)
rCorr  .         Harm     .     (gloves unavailable)
MR     .....                    (boots unavailable)
Stlth  +++.......               (no amulet)
                                (no ring)
                                (no ring)

@: mighty, quick
A: no armour, no weapons or thrown items, stealth, claws 1, fangs 3, see
invisible, carnivore 3, speed 1, shaggy fur 1, slow metabolism 1, sharp paws
a: no special abilities


You were in an ossuary.
You were not hungry.

You visited 1 branch of the dungeon, and saw 4 of its levels.
You also visited: Ossuary.

You collected 102 gold pieces.

Inventory:

Wands
 i - a wand of digging (9/24)
Scrolls
 d - 2 scrolls of fear {unknown}
 k - a scroll of teleportation {unknown}
 l - a scroll of random uselessness {unknown}
 m - a scroll of blinking {unknown}
Potions
 a - 2 potions of might
 c - a potion of mutation {unknown}
 e - a potion of ambrosia {unknown}
 h - 2 potions of heal wounds {unknown}
 j - a potion of haste
 n - a potion of cancellation {unknown}
Books
 o - a book of Maledictions

   Spells                             Type                      Level
   a - Corona                         Hexes                        1
   b - Ensorcelled Hibernation        Hexes/Ice                    2
   c - Confuse                        Hexes                        3
   d - Tukima's Dance                 Hexes                        3
   e - Dazzling Spray                 Conjuration/Hexes            3
Comestibles
 b - a meat ration
 f - 3 bread rations


   Skills:
 + Level 3.4 Fighting
 + Level 4.9 Dodging
 + Level 2.4 Stealth
 + Level 5.9 Unarmed Combat
 + Level 0.6 Spellcasting
 + Level 2.0 Hexes
 + Level 1.1 Ice Magic


You had 2 spell levels left.
You knew the following spells:

 Your Spells              Type           Power        Failure   Level  Hunger
a - Corona                Hex            #......      17%         1    ##.....
b - Ensorcelled Hibernat  Hex/Ice        #.....       30%         2    ###....


Dungeon Overview and Level Annotations

Branches:
Dungeon (4/15)
 Temple: D:4-7

Altars:
Qazlal
Ru
Uskayaw

Annotations:
D:3 Grinder; pps's ghost, amateur HuBe


Innate Abilities, Weirdness & Mutations

You cannot wear armour.
You are incapable of wielding weapons or throwing items.
Your paws allow you to move quietly. (Stealth)
You have sharp claws.
You have razor-sharp teeth.
You have supernaturally acute eyesight. (SInv)
You are carnivorous and can eat meat at any time.
You cover ground quickly.
You are covered in fur. (AC +1)
You have a slow metabolism.
Your sharp claws are effective at attacking unaware monsters.


Message History

Okay, then.
It was a potion of curing.
You feel better. The centaur zombie closely misses you.
The bullfrog zombie barely misses you. The centaur zombie closely misses you.
You feel very mighty all of a sudden. The bullfrog zombie hits you.
The centaur zombie barely misses you.
A bog mummy comes into view.
You scratch the centaur zombie. You bite the centaur zombie!
The centaur zombie is heavily damaged.
The bullfrog zombie closely misses you. The centaur zombie hits you!
* * * LOW HITPOINT WARNING * * *
You feel better. The bullfrog zombie closely misses you.
The centaur zombie closely misses you.
The bullfrog zombie completely misses you.
You completely miss the centaur zombie.
The centaur zombie is heavily damaged.
The centaur zombie misses you.
The bullfrog zombie completely misses you.
The centaur zombie hits you.
You die...

### #.# #
###+#+#+#'#'#'#
#.+.Z...M......
###@#####.#####
#.+Z# # ###.+
#.+.# ###.# +.'
#.##### +.#Z.∩#
#.'.∩M# #


You could see a bog mummy, a bullfrog zombie and a centaur zombie.

Vanquished Creatures
  2 bullfrog zombies (Ossuary)
  Terence (D:2)
  A hound zombie (Ossuary)
  4 mummies (Ossuary)
  3 gnolls (D:3)
  An adder (D:2)
  An adder zombie (Ossuary)
  3 worms (D:2)
  4 orcs (D:4)
  4 giant cockroaches
  8 goblins
  8 hobgoblins
  6 jackals
  7 kobolds
  2 quokkas
  8 bats
  A frilled lizard (D:3)
  6 rats
70 creatures vanquished.

Vanquished Creatures (others)
  4 withered plants (Ossuary)
4 creatures vanquished.

Grand Total: 74 creatures vanquished

Notes
Turn   | Place    | Note
-------+----------+-------------------------------------------
     0 | D:1      | equalderp2856 the Felid Fighter began the quest for the Orb.
     0 | D:1      | Reached XP level 1. HP: 10/10 MP: 2/2
   308 | D:1      | Reached XP level 2. HP: 12/14 MP: 3/3
   951 | D:2      | Reached XP level 3. HP: 14/17 MP: 4/4
  1442 | D:2      | Found a sacrificial altar of Ru.
  1552 | D:3      | Noticed pps's ghost (amateur HuBe)
  1595 | D:3      | Found a hide-covered altar of Uskayaw.
  1682 | D:3      | Reached skill level 1 in Stealth
  1682 | D:3      | Reached skill level 5 in Unarmed Combat
  1682 | D:3      | Reached XP level 4. HP: 21/21 MP: 5/5
  1903 | D:3      | Found a stormy altar of Qazlal.
  2022 | D:3      | Learned a level 1 spell: Corona
  2025 | D:3      | Learned a level 2 spell: Ensorcelled Hibernation
  2154 | D:3      | Noticed Terence
  2413 | D:2      | Killed Terence
  2596 | D:3      | Noticed Grinder
  2613 | D:3      | Paralysed by Grinder for 6 turns
  2619 | D:3      | HP: 1/21 [Grinder (2)]
  2619 | D:3      | Slain by Grinder
  2620 | D:3      | Reached XP level 3. HP: -5/17 MP: 4/4
  2752 | D:4      | Found a sand-covered staircase.
  2759 | D:4      | Reached XP level 4. HP: 21/21 MP: 5/5
  2790 | D:4      | Reached skill level 1 in Hexes
  2828 | Ossuary  | Entered an ossuary
  2893 | Ossuary  | Reached skill level 1 in Ice Magic
  2900 | Ossuary  | Reached XP level 5. HP: 10/24 MP: 6/6
  3115 | Ossuary  | HP: 1/24 [centaur zombie (7)]
  3117 | Ossuary  | Slain by a centaur zombie

Skill      XL: |  1  2  3  4  5 |
---------------+----------------+-----
Stealth        | 1 2 |  2.4
Unarmed Combat | 5 |  5.9
Hexes          | 1 2 |  2.0
Ice Magic      | 1 |  1.1
Fighting       | |  3.4
Dodging        | |  4.9
Spellcasting   | |  0.6

Action                   |  1- 3 |  4- 6 || total
-------------------------+-------+-------++-------
Melee: Unarmed           |   137 |    93 ||   230
       Bite              |    10 |    11 ||    21
       Punch             |     2 |     1 ||     3
 Cast: Ensorcelled Hiber |       |     4 ||     4
       Corona            |       |     5 ||     5
  Use: Potion            |       |     3 ||     3
 Stab: Sleeping          |     3 |     3 ||     6
  Eat: Chunk             |     3 |       ||     3
Armor: Skin              |     6 |     2 ||     8
Dodge: Dodged            |   128 |    79 ||   207
